 Dungeon Sprint DCSS version 0.24.0-125-gc4c63601f3 (webtiles) character file.

Game seed: 18046589652201443197, levelgen mode: deterministic

6700000 Ponchio the Intangible (level 27, -23/409 HPs)
             Began as a Hill Orc Berserker on Mar 4, 2020.
             Was the Champion of Trog.
             Killed from afar by a large bag of meat (39 damage)
             ... with an exploding inner flame
             ... in the Dungeon (Sprint VIII: "Arena of Blood").
             The game lasted 00:10:56 (67 turns).

Ponchio the Intangible (Hill Orc Berserker)           Turns: 67, Time: 00:10:57

Health: -23/409    AC:  4    Str: 29    XL:     27
Magic:  23/23      EV: 35    Int:  7    God:    Trog [******]
Gold:   0          SH:  0    Dex: 19    Spells: 26/26 levels left

rFire    . . .     SeeInvis .   j - +∞ Axe of Woe
rCold    . . .     Gourm    .   (shield currently unavailable)
rNeg     . . .     Faith    .   b - +0 animal skin
rPois    .         Spirit   .   (no helmet)
rElec    .         Reflect  .   (no cloak)
rCorr    .         Harm     .   (no gloves)
MR       ++++.     NoTele   +   (no boots)
Stlth    ..........             (no amulet)
HPRegen  1.78/turn              (no ring)
MPRegen  0.18/turn              (no ring)

@: berserking, very slightly contaminated, regenerating, very quick
A: no striking features
a: Berserk, Trog's Hand, Brothers in Arms, Renounce Religion


You were in the Dungeon.
You worshipped Trog.
Trog was exalted by your worship.
You were not hungry.

You visited 1 branch

Inventory:

Hand Weapons
 a - a +0 hand axe
 f - a +4 antimagic battleaxe
 j - the +∞ Axe of Woe (weapon)
   (You found it in the Dungeon)
Missiles
 e - 8 javelins (quivered)
Armour
 b - a +0 animal skin (worn)
Potions
 g - 2 potions of magic
 h - a potion of berserk rage
Comestibles
 c - a ration


   Skills:
 O Level 27 Fighting
 O Level 27 Axes
 O Level 27 Throwing
 O Level 27 Armour
 O Level 27 Dodging
 O Level 27 Stealth
 O Level 27 Unarmed Combat


You had 26 spell levels left.
You didn't know any spells.
Your spell library was empty.

Dungeon Overview and Level Annotations

Branches:
Dungeon (1/1)

Altars:
Makhleb


Message History

Your cyclops closely misses the bag of meat.
You hear a shout!
A meat berserker comes into view. It is wielding a +9 battleaxe.
The tyrant mumbles some strange words.
The tyrant seems to speed up.
The bag of meat hits your cyclops with a +9 war axe!!
You hear a shout!
You cut the sculptor of flesh into ribbons!!!
You pulverise the sculptor of flesh into a thin bloody mist.
You destroy the sculptor of flesh!
Trog accepts your kill. Something appears at your feet!
Trog grants you a weapon!
You slash the large bag of meat!
You cleave the large bag of meat in twain.
You feel the power of Trog in you as your rage grows.
The large bag of meat explodes!
The fiery explosion engulfs the bag of meat!!
The fiery explosion engulfs you!!!
You die...

###### ####.X..LX
####§@)XX.X.X
####o.o§§§.XV.##
###.....oo§§C.....
......xoo####o....
......Xo#.oo......
......o)o#.o.o.O..
o.......)#OoO.....
....###)))#o.D...O
..###.oOoOo#............


You could see a tentacled monstrosity, a tyrant, a destroyer, 7 large
abominations, 2 meat berserkers, 9 bags of meat, a crawling corpse and a
friendly cyclops (berserk).

Vanquished Creatures
  A hell beast (D)
  A greater mummy (D)
  2 vampire knights (D)
  14 ogres (D)
  A lich (D)
  34 orcs (D)
  2 skeletal warriors (D)
  A large abomination (D)
  A small abomination (D)
  3 crawling corpses (D)
60 creatures vanquished.

Vanquished Creatures (collateral kills)
  A crawling corpse (D)
1 creature vanquished.

Grand Total: 61 creatures vanquished

Notes
Turn   | Place    | Note
-------+----------+-------------------------------------------
     0 | D        | Found the +∞ Axe of Woe
     0 | D        | Ponchio the Hill Orc Berserker began the quest for the Orb.
     0 | D        | Reached XP level 1. HP: 19/19 MP: 1/1
     2 | D        | Noticed a bag of meat
     2 | D        | Noticed a bag of meat
     3 | D        | Noticed a bag of meat
     4 | D        | Noticed a meat berserker
     4 | D        | Noticed a bag of meat
     4 | D        | Noticed a bag of meat
     5 | D        | Noticed a bag of meat
     6 | D        | Killed a meat berserker
     6 | D        | Reached XP level 2. HP: 60/60 MP: 2/2
     6 | D        | Reached XP level 3. HP: 67/67 MP: 3/3
     6 | D        | Reached XP level 4. HP: 75/75 MP: 4/4
     6 | D        | Reached XP level 5. HP: 82/82 MP: 5/5
     6 | D        | Reached XP level 6. HP: 91/91 MP: 6/6
     6 | D        | Reached XP level 7. HP: 97/97 MP: 7/7
     6 | D        | Reached XP level 8. HP: 106/106 MP: 8/8
     6 | D        | Reached XP level 9. HP: 114/114 MP: 9/9
     6 | D        | Reached XP level 10. HP: 122/122 MP: 10/10
     6 | D        | Reached XP level 11. HP: 129/129 MP: 11/11
     6 | D        | Reached XP level 12. HP: 137/137 MP: 12/12
     6 | D        | Reached XP level 13. HP: 145/145 MP: 13/13
     6 | D        | Noticed a meat berserker
    10 | D        | Killed a bag of meat
    10 | D        | Reached ** piety under Trog
    10 | D        | Reached XP level 14. HP: 158/158 MP: 14/14
    10 | D        | Killed a bag of meat
    10 | D        | Noticed a meat berserker
    11 | D        | Killed a bag of meat
    11 | D        | Reached skill level 10 in Axes
    11 | D        | Reached XP level 15. HP: 171/171 MP: 15/15
    12 | D        | Reached *** piety under Trog
    12 | D        | Reached skill level 27 in Fighting
    12 | D        | Reached skill level 27 in Dodging
    12 | D        | Reached XP level 16. HP: 183/183 MP: 16/16
    12 | D        | Noticed a meat berserker
    13 | D        | Killed a meat berserker
    13 | D        | Reached skill level 27 in Axes
    14 | D        | Killed a meat berserker
    14 | D        | Reached **** piety under Trog
    14 | D        | Reached XP level 17. HP: 191/191 MP: 17/17
    15 | D        | Killed a meat berserker
    15 | D        | Reached XP level 18. HP: 200/200 MP: 18/18
    15 | D        | Noticed a meat berserker
    20 | D        | Noticed a meat berserker
    22 | D        | Killed a meat berserker
    22 | D        | Reached skill level 27 in Armour
    22 | D        | Reached XP level 19. HP: 207/207 MP: 19/19
    22 | D        | Noticed a meat berserker
    24 | D        | Noticed a large bag of meat
    24 | D        | Noticed a destroyer
    25 | D        | Noticed a large bag of meat
    26 | D        | Noticed a meat berserker
    27 | D        | Killed a destroyer
    27 | D        | Reached ***** piety under Trog
    27 | D        | Reached skill level 27 in Stealth
    27 | D        | Reached skill level 15 in Unarmed Combat
    28 | D        | Noticed a large bag of meat
    28 | D        | Noticed a meat berserker
    28 | D        | Noticed a meat berserker
    28 | D        | Noticed a meat berserker
    28 | D        | Noticed a meat berserker
    28 | D        | Noticed a meat berserker
    28 | D        | Noticed a meat berserker
    28 | D        | Noticed a meat berserker
    28 | D        | Noticed a meat berserker
    28 | D        | Noticed a large bag of meat
    29 | D        | Noticed a large bag of meat
    29 | D        | Noticed a meat berserker
    30 | D        | Noticed a large bag of meat
    31 | D        | Killed a meat berserker
    31 | D        | Received a gift from Trog
    31 | D        | Reached XP level 20. HP: 216/216 MP: 20/20
    31 | D        | Noticed a meat berserker
    31 | D        | Noticed an eight-headed meat hydra
    33 | D        | Noticed a meat berserker
    35 | D        | Noticed a meat berserker
    35 | D        | Killed a meat berserker
    35 | D        | Reached skill level 27 in Unarmed Combat
    35 | D        | Reached XP level 21. HP: 156/224 MP: 21/21
    35 | D        | Received a gift from Trog
    35 | D        | Reached skill level 27 in Throwing
    36 | D        | Noticed a meat berserker
    39 | D        | Noticed a meat berserker
    39 | D        | Noticed a destroyer
    42 | D        | Killed a meat berserker
    42 | D        | Reached XP level 22. HP: 90/233 MP: 22/22
    45 | D        | Noticed a tyrant
    47 | D        | Received a gift from Trog
    49 | D        | Received a gift from Trog
    49 | D        | Reached XP level 23. HP: 50/240 MP: 23/23
    49 | D        | Reached ****** piety under Trog
    49 | D        | Received a gift from Trog
    51 | D        | Noticed an accursed
    51 | D        | Killed a tyrant
    51 | D        | Received a gift from Trog
    51 | D        | Reached XP level 24. HP: 53/249 MP: 23/23
    53 | D        | Killed a destroyer
    53 | D        | Received a gift from Trog
    53 | D        | Received a gift from Trog
    55 | D        | Received a gift from Trog
    55 | D        | Reached XP level 25. HP: 46/257 MP: 23/23
    58 | D        | Received a gift from Trog
    60 | D        | Noticed a meat beast
    60 | D        | Received a gift from Trog
    61 | D        | Reached XP level 26. HP: 29/266 MP: 23/23
    62 | D        | Noticed a tyrant
    62 | D        | HP: 7/266 [bag of meat/+9 war axe (14)]
    63 | D        | Killed an accursed
    63 | D        | Received a gift from Trog
    65 | D        | Killed a meat beast
    65 | D        | Reached XP level 27. HP: 9/273 MP: 23/23
    67 | D        | Noticed a destroyer
    67 | D        | Received a gift from Trog
    67 | D        | Killed a large bag of meat
    67 | D        | Killed from afar by a large bag of meat

Levels and vault maps discovered:
D:        meatsprint

Skill      XL: |  1  2  3  4  5  6  7  8  9 10 11 12 13 14 15 16 17 18 19 20 21 |
---------------+----------------------------------------------------------------+-----
Fighting       | 21 23 25 27 | 27.0
Dodging        | 21 23 25 27 | 27.0
Axes           | 10 19 27 | 27.0
Armour         | 17 21 27 | 27.0
Stealth        | 14 19 25 27 | 27.0
Throwing       | 17 26 27 | 27.0
Unarmed Combat | 20 27 | 27.0

Action                   |  1- 3 |  4- 6 |  7- 9 | 10-12 | 13-15 | 16-18 | 19-21 | 22-24 | 25-27 || total
-------------------------+-------+-------+-------+-------+-------+-------+-------+-------+-------++-------
Melee: Executioner's axe |     1 |       |       |       |     3 |     5 |     4 |     9 |     8 ||    30
Invok: Trog's Hand       |       |       |       |       |       |       |     1 |       |       ||     1
       Brothers in Arms  |       |       |       |       |       |       |       |     1 |     1 ||     2
       Berserk           |       |       |       |       |       |       |       |       |     1 ||     1
  Use: Potion            |     1 |       |       |       |       |       |     1 |       |     1 ||     3
       Scroll            |       |       |       |       |       |       |     1 |       |       ||     1
Dodge: Dodged            |       |       |       |       |       |       |     3 |       |       ||     3
